 Dungeon Crawl Stone Soup version 0.26-a0-1176-g060ceda6a5 (webtiles) character file.

Game seed: 13069941988806935541

49 lorenzova the Conjurer (level 3, 0/19 HPs)
             Began as a Deep Elf Conjurer on Dec 24, 2020.
             Killed from afar by Sigmund (6 damage)
             ... with a magic dart
             ... on level 2 of the Dungeon.
             The game lasted 00:01:45 (1236 turns).

lorenzova the Conjurer (Deep Elf Conjurer)          Turns: 1236, Time: 00:01:45

Health: 0/19       AC:  3    Str:  4    XL:     3   Next: 53%
Magic:  2/10       EV: 13    Int: 23    God:
Gold:   58         SH:  0    Dex: 13    Spells: 7/10 levels left

rFire    . . .     SeeInvis .   (no weapon)
rCold    . . .     Faith    .   (no shield)
rNeg     . . .     Spirit   .   a - +0 robe
rPois    .         Reflect  .   (no helmet)
rElec    .         Harm     .   (no cloak)
rCorr    .         Rampage  .   (no gloves)
Will     .....                  k - +0 pair of boots
Stlth    ++........             (no amulet)
HPRegen  0.06/turn              (no ring)
MPRegen  0.12/turn              (no ring)

@: lethally poisoned (0 -> -14)
A: no striking features
a: no special abilities


You were on level 2 of the Dungeon.
You visited 1 branch of the dungeon, and saw 2 of its levels.

You collected 58 gold pieces.

Inventory:

Armour
 a - a +0 robe (worn)
 b - a +1 ring mail of fire resistance
 k - a +0 pair of boots (worn)
Scrolls
 c - 2 scrolls of remove curse {unknown}
 d - 2 scrolls of enchant weapon {unknown}
 f - a scroll of magic mapping {unknown}
 g - 2 scrolls of identify {unknown}
 i - a scroll of blinking {unknown}
Potions
 e - 3 potions of curing {unknown}
 h - a potion of heal wounds {unknown}
 j - a potion of lignification {unknown}


   Skills:
 - Level 2.4 Dodging
 - Level 2.4 Stealth
 + Level 4.3 Spellcasting
 + Level 5.2 Conjurations


You had 7 spell levels left.
You knew the following spells:

 Your Spells              Type           Power        Failure   Level
a - Magic Dart            Conj           100%         1%          1
b - Searing Ray           Conj           58%          1%          2

Your spell library contained the following spells:

 Spells                   Type           Power        Failure   Level
 Dazzling Flash           Conj/Hex       34%          11%         3
 Fulminant Prism          Conj/Hex       8%           34%         4
 Iskenderun's Mystic Bla  Conj/Tloc      17%          34%         4


Dungeon Overview and Level Annotations

Branches:
Dungeon (2/15)

Altars:

Annotations:
D:2 Sigmund


Message History

Sigmund is severely wounded.
Sigmund hits you from afar with a +2 scythe of venom!
You are lethally poisoned!
The searing ray misses Sigmund.
You finish channeling your searing ray.
You feel sick. Sigmund closely misses you.
Casting: Searing Ray (safe; 1% risk of failure)
Confirm with . or Enter, or press ? or * to list all spells.
Aiming: Searing Ray (safe; 1% risk of failure)
Press: ? - help, Shift-Dir - straight line, f/p - Sigmund
Aim: Sigmund, wielding a +2 scythe of venom and wearing a +0 robe (severely wounded, 23% to evade)
The searing ray hits Sigmund.
Sigmund is severely wounded. (Press . to maintain the ray.)
You feel sick.
The searing ray hits Sigmund.
Sigmund is almost dead.
You feel sick. Sigmund casts a spell at you. The magic dart hits you.
You die...

.######...#
#.##. #....
..... ##..##
####. # ## #..#
#. #. .. ....
#.# .# #.## #.#
... @# ###.#
#.###.# ..#..
#...@.# ##.#.#
#####.#.#
#....#
#.......#
#..#.#
#.###.###
#..#.# #.# #.#
######....#####
#.# #..
...............
#.# ####
######.##.####
#.# #.##.#
#.#######
#.##.#


You could see Sigmund.

Vanquished Creatures
  An ooze (D:1)
  A dart slug (D:1)
  A leopard gecko (D:1)
  4 giant cockroaches
  4 goblins
  5 hobgoblins
  4 jackals
  3 bats (D:1)
  2 frilled lizards (D:1)
  5 kobolds
  11 rats
41 creatures vanquished.

Notes
Turn   | Place    | Note
-------+----------+-------------------------------------------
     0 | D:1      | lorenzova the Deep Elf Conjurer began the quest for the
                  | Orb.
     0 | D:1      | Reached XP level 1. HP: 10/10 MP: 6/6
   116 | D:1      | Reached XP level 2. HP: 15/15 MP: 4/8
   154 | D:1      | Learned a level 2 spell: Searing Ray
   531 | D:1      | Reached skill level 5 in Conjurations
   562 | D:1      | Reached XP level 3. HP: 19/19 MP: 8/10
  1230 | D:2      | Noticed Sigmund
  1236 | D:2      | Killed from afar by Sigmund

Illustrated notes

Levels and vault maps discovered:
D:1:      dpeg_arrival_ratfight, layout_basic, minmay_misc_feat_roman,
          fountainhead
D:2:      layout_loops_ring, roderic_serpentine_path, uniq_sigmund

Skill      XL: |  1  2 |
---------------+-------+-----
Spellcasting   | 4 |  4.3
Conjurations   | 5 |  5.2
Dodging        | |  2.4
Stealth        | |  2.4

Action                   || total
-------------------------++-------
 Cast: Magic Dart        ||    68
       Searing Ray       ||     2
Armor: Robe              ||     1
Dodge: Dodged            ||     7

Table legend: (Time is in decaauts)
 A = Elapsed time spent in this place.
 B = Non-inter-level travel time spent in this place.
 C = Inter-level travel time spent in this place.
 D = Time resting spent in this place.
 E = Time spent auto-exploring this place.
 F = Levels seen in this place.
 G = Mean time per level.
                   A        B        C        D        E       F      G
               +--------+--------+--------+--------+--------+-----+--------+
         Total |   1236 |   1226 |     10 |    526 |    565 |   2 |  618.0 |
       Dungeon |   1236 |   1226 |     10 |    526 |    565 |   2 |  618.0 |
               +--------+--------+--------+--------+--------+-----+--------+

Top non-repeatable levels by time:
     D:1: 907 daAuts
     D:2: 329 daAuts
